AoeStats
← Agamemnon

QS Arena

503222869Analyzed
2v2 RM · 1mo ago on Aug 30, 2026· 39m 24s· 4 players
Game mode
Random Map
Map size
Medium (4 player)
Population
200
Speed
Normal
Resources
Standard
Victory
Conquest
Starting age
Dark Age
Ending age
Imperial Age
RankedLock teamsTeams togetherTeam positionsShared explorationLock speedFull tech treeHidden civsTurbo modeCheats
Victory
Defeat
🇭🇺 Khmer · Hungary
970
+13
🇵🇪 Celts · Peru
907
+16
🇰🇿 Burgundians · Kazakhstan
913
-15
🇰🇿 Romans · Kazakhstan
905
-14
Lord_Mastermind
8:20 Feudal Age
12:21 Double-Bit Axe
13:09 Stone Mining
13:12 Gold Mining
15:27 Castle Age
14:25 Horse Collar
22:37 Pikeman
26:55 Town Watch
28:03 Ballistics
33:13 Imperial Age
31:47 Town Patrol
32:22 Wheelbarrow
31:32 Loom
33:57 Man-at-Arms
34:43 Husbandry
34:53 Scale Barding Armor
35:00 Forging
35:14 Heavy Plow
35:34 Long Swordsman
36:18 Cavalier
37:39 Iron Casting
37:37 Bow Saw
wxyz80
8:33 Feudal Age
12:55 Castle Age
11:24 Double-Bit Axe
15:47 Bow Saw
15:51 Horse Collar
17:40 Wheelbarrow
17:41 Loom
20:12 Stone Mining
20:13 Gold Mining
22:44 Gold Shaft Mining
27:51 Imperial Age
26:04 Fletching
26:47 Ballistics
27:23 Forging
27:12 Bodkin Arrow
27:08 Light Cavalry
28:54 Stone Shaft Mining
28:39 Hand Cart
28:29 Heavy Plow
29:11 Iron Casting
29:30 Bracer
30:02 Pikeman
30:34 Heavy Scorpion
32:43 Double Crossbow
34:11 Chemistry
33:16 Padded Archer Armor
34:00 Town Watch
34:55 Theocracy
34:21 Hussar
34:32 Halberdier
35:30 Leather Archer Armor
37:43 Bloodlines
37:35 Husbandry
farrightmysticism
7:17 Loom
9:28 Feudal Age
16:04 Castle Age
14:38 Double-Bit Axe
14:43 Horse Collar
21:40 Wheelbarrow
24:05 Hand Cart
25:40 Redemption
27:37 Bow Saw
27:18 Stone Mining
27:21 Gold Mining
27:40 Heavy Plow
35:27 Imperial Age
38:56 Chemistry
Agamemnon
9:35 Feudal Age
10:08 Double-Bit Axe
10:04 Horse Collar
15:16 Castle Age
15:12 Gold Mining
15:14 Stone Mining
18:59 Bow Saw
18:50 Heavy Plow
19:43 Gold Shaft Mining
20:24 Town Watch
21:10 Forging
21:00 Scale Mail Armor
21:08 Scale Mail Armor
24:09 Chain Mail Armor
24:30 Iron Casting
24:02 Scale Barding Armor
25:28 Wheelbarrow
25:01 Ballistas
26:56 Squires
27:45 Ballistics
26:57 Pikeman
27:03 Man-at-Arms
28:39 Hand Cart
28:48 Long Swordsman
29:48 Husbandry
30:20 Bloodlines
30:55 Fletching
33:05 Masonry
34:59 Chain Barding Armor
Connection lost

Rejoining the realm…

Still unreachable

The connection could not be restored.

Session expired

The server has moved on; the page needs a fresh start.